[Event "ESP-ch Teams Honor 2024"]
[Site "Melilla"]
[Date "2024.10.13"]
[Round "2.15"]
[White "Salgado Lopez, Ivan"]
[Black "Korobov, Anton"]
[Result "1/2-1/2"]
[ECO "A05"]
[WhiteElo "2609"]
[BlackElo "2660"]
[Annotator "TA"]
[PlyCount "41"]
[EventDate "2024.10.11"]
[EventType "team-tourn"]
[EventCountry "ESP"]
[SourceTitle "playchess.com"]
[Source "ChessBase"]
[SourceQuality "1"]
[WhiteTeam "Casablanca"]
[BlackTeam "Silla"]
[TimeControl "5400+30"]

1. Nf3 Nf6 2. c4 b6 3. g3 Bb7 4. Bg2 e6 5. O-O c5 6. b3 Be7 7. Bb2 O-O 8. Nc3 d5 9. cxd5 Nxd5 10. Nxd5 Bxd5 11. Rc1 Nd7 12. d4 Rc8 13. Qd2 c4 14. bxc4 Bxc4 15. Rc2 b5 16. Rfc1 Nb6 17. Ne5 Bf6 ({Black should try} 17... Bd6 $11) 18. Ng4 {[%emt 0:04:13] White is more active.} (18. Ba3 $5 Re8 19. Bb7 $16) 18... Be7 19. Ne5 Bf6 20. Ng4 (20. Ba3 $5 Re8 21. Bb7 $16) 20... Be7 21. Ne5 {[%emt 0:01:55] Weighted Error Value: White=0.24 (precise) /Black=0.10 (very precise) .  Mistake:       	---       	Black=1      Inaccurate:     	White=2     	---        OK:         	White=1     	Black=5} 1/2-1/2

[Event "ESP-ch Teams Honor 2024"]
[Site "Melilla"]
[Date "2024.10.13"]
[Round "2.16"]
[White "Yuffa, Daniil"]
[Black "Illescas Cordoba, Miguel"]
[Result "1-0"]
[ECO "D30"]
[WhiteElo "2608"]
[BlackElo "2600"]
[Annotator "TA"]
[PlyCount "93"]
[EventDate "2024.10.11"]
[EventType "team-tourn"]
[EventCountry "ESP"]
[SourceTitle "playchess.com"]
[Source "ChessBase"]
[SourceQuality "1"]
[WhiteTeam "Silla"]
[BlackTeam "Casablanca"]
[TimeControl "5400+30"]

1. d4 d5 2. c4 e6 3. Nf3 Nf6 4. g3 c5 5. cxd5 Nxd5 6. Bg2 cxd4 7. O-O Bc5 8. Nxd4 O-O 9. Nb3 Bb6 10. Na3 Nc6 11. Nc4 Bc7 12. Ne3 Re8 13. Bd2 Nxe3 {[%emt 0:15:18] White has an edge.} 14. Bxe3 Bb6 15. Qxd8 Rxd8 16. Rfd1 Bd7 17. Nc5 Bxc5 18. Bxc5 Be8 19. b4 {[%emt 0:07:21] Threatens to win with b5.} Rxd1+ 20. Rxd1 {[%emt 0:00:06] b5 is the strong threat.} b6 21. Be3 Rd8 22. Rxd8 Nxd8 $11 {[%emt 0:00:03][%mdl 4096] Endgame. KBB-KBN} 23. Bf4 Bb5 24. Bd6 Nc6 25. e3 f5 26. e4 g6 27. exf5 gxf5 28. f4 Nd4 29. Kf2 Bc4 {[%emt 0:04:43] [#] White leaves nothing to chance now.} 30. a4 $1 Bb3 {[%emt 0:05:04] [#]} 31. a5 $1 bxa5 32. Bc5 Nb5 33. Bc6 {[%emt 0:05:25] This pair of bishops is nice.} Nc3 (33... Bc4 $16) 34. bxa5 $18 Ne4+ (34... a6 $142) 35. Bxe4 fxe4 36. Bxa7 {[%emt 0:00:05] KB-KB} h5 $2 (36... Kf7 37. Ke3 Bd5) 37. Ke3 {[%emt 0:02:15] White is clearly winning.} Bc2 38. Kd4 Kf7 39. Ke5 Bd3 40. Bc5 e3 41. Bxe3 Bf1 42. Kd6 Kf6 43. Kc7 Kf5 44. Kb6 Ke4 45. Bc5 Kd5 46. Ba3 e5 47. a6 {[%emt 0:00:25] Weighted Error Value: White=0.07 (flawless) /Black=0.35.  Mistake:       	---       	Black=3      Inaccurate:     	White=1     	Black=6      OK:         	White=8     	Black=8      Best:        	White=3     	---        Strong:       	White=2     	---} 1-0

[Event "ESP-ch Teams Honor 2024"]
[Site "Melilla"]
[Date "2024.10.13"]
[Round "2.17"]
[White "Gines Esteo, Pedro Antonio"]
[Black "Alonso Rosell, Alvar"]
[Result "1-0"]
[ECO "A35"]
[WhiteElo "2477"]
[BlackElo "2550"]
[Annotator "TA"]
[PlyCount "61"]
[EventDate "2024.10.11"]
[EventType "team-tourn"]
[EventCountry "ESP"]
[SourceTitle "playchess.com"]
[Source "ChessBase"]
[SourceQuality "1"]
[WhiteTeam "Casablanca"]
[BlackTeam "Silla"]
[TimeControl "5400+30"]

1. Nf3 c5 2. c4 Nf6 3. Nc3 Nc6 4. e3 a6 5. b3 g6 6. Bb2 Bg7 {[%emt 0:00:01] [#]} 7. Ne4 $1 d6 8. Nxf6+ {[%emt 0:00:29] The position is equal.} Bxf6 9. Bxf6 exf6 10. Be2 O-O 11. O-O f5 12. Qc2 Qf6 13. Rfc1 g5 14. Qc3 Qh6 15. Ne1 f4 16. Bf3 Bd7 17. Nc2 Rae8 18. exf4 gxf4 19. Re1 Re5 (19... Qg6 $11 {feels stronger.}) 20. d4 $1 $14 Rg5 21. dxc5 $1 dxc5 22. Rad1 Bf5 23. Rd5 Bxc2 (23... Be6 $142) 24. Rxg5+ $16 (24. Qxc2 Nd4 25. Qd1 b5 $16) 24... Qxg5 25. Bxc6 (25. Qxc2 Nd4 26. Qd3 b5 $18) 25... bxc6 26. Qxc2 {[%emt 0:00:02] KQR-KQR} f3 {[%emt 0:04:23][%csl Gf3][%cal Rg5g2] [#]} 27. g3 Rd8 28. Qe4 ({Better is} 28. Qc3 $18) 28... Qd2 (28... Qf6 $16 {was necessary.} 29. h4 Rd4) 29. h3 Rd3 $2 (29... Rd6 $18 30. Re3 Qd4) 30. Qe8+ Kg7 31. Re7 {[%emt 0:00:26] Weighted Error Value: White=0.08 (flawless) /Black=0.49.  Mistake:       	White=1     	Black=4      Inaccurate:     	---       	Black=2      OK:         	White=8     	Black=7      Best:        	White=3     	---        Strong:       	White=2     	---} 1-0

[Event "ESP-ch Teams Honor 2024"]
[Site "Melilla"]
[Date "2024.10.13"]
[Round "2.18"]
[White "Khademalsharieh, Sarasadat"]
[Black "Vega Gutierrez, Sabrina"]
[Result "1/2-1/2"]
[ECO "A04"]
[WhiteElo "2478"]
[BlackElo "2392"]
[Annotator "TA"]
[PlyCount "66"]
[EventDate "2024.10.11"]
[EventType "team-tourn"]
[EventCountry "ESP"]
[SourceTitle "playchess.com"]
[Source "ChessBase"]
[SourceQuality "1"]
[WhiteTeam "Silla"]
[BlackTeam "Casablanca"]
[TimeControl "5400+30"]

1. Nf3 c5 2. b3 d6 3. c4 e5 4. Nc3 g6 5. Bb2 Bg7 6. d3 Nc6 7. g3 Bf5 8. Bg2 Qd7 9. Nd5 Nge7 10. Nd2 h5 11. a3 Rd8 (11... h4 $142) 12. h4 $11 O-O 13. Bc3 a6 {[%emt 0:03:17] The position is equal.} 14. b4 b5 15. Ne4 Bxe4 16. Bxe4 f5 17. Bg2 bxc4 18. dxc4 e4 19. Bxg7 Kxg7 20. Nf4 d5 21. bxc5 Rf6 22. cxd5 Nxd5 23. Nxd5 (23. Rc1 {is more complex.} Qc7 24. Nxd5 Qa5+ 25. Qd2) 23... Qxd5 24. Qxd5 Rxd5 25. Rc1 Nd4 26. f3 exf3 27. Bxf3 Nxf3+ 28. exf3 {[%emt 0:00:04][%mdl 4096] Endgame. KRR-KRR} Re6+ 29. Kf1 Rc6 30. Ke2 Re6+ 31. Kf1 Rd2 {[%emt 0:00:54] Wards off Rh2} 32. c6 Ree2 33. c7 Rf2+ {[%emt 0:00:03] A balanced but interesting game.   Weighted Error Value: White=0.05 (flawless) /Black=0.05 (flawless) .  Mistake:       	---       	Black=1      Inaccurate:     	White=2     	---        OK:         	White=13    	Black=12} 1/2-1/2

[Event "ESP-ch Teams Honor 2024"]
[Site "Melilla"]
[Date "2024.10.13"]
[Round "2.19"]
[White "Pranav, V."]
[Black "Murzin, Volodar"]
[Result "1/2-1/2"]
[ECO "B90"]
[WhiteElo "2609"]
[BlackElo "2648"]
[Annotator "TA"]
[PlyCount "74"]
[EventDate "2024.10.11"]
[EventType "team-tourn"]
[EventCountry "ESP"]
[SourceTitle "playchess.com"]
[Source "ChessBase"]
[SourceQuality "1"]
[WhiteTeam "Benalmadena"]
[BlackTeam "Extremadura"]
[TimeControl "5400+30"]

1. e4 c5 2. Nf3 d6 3. d4 cxd4 4. Nxd4 Nf6 5. Nc3 a6 6. Bc4 e6 7. Bb3 Nbd7 8. Qe2 Nc5 9. f3 e5 10. Nf5 {[%emt 0:10:54] [#]} d5 $1 11. O-O {[%emt 0:05:14] Black is slightly better.} ({Don't blunder} 11. exd5 $2 Bxf5 12. Bg5 Bd6 $19) 11... d4 12. Nd1 Be6 13. Nf2 g6 {[%emt 0:08:17] White must now prevent ...Bxb3.} 14. Ng3 Bg7 15. f4 exf4 (15... Nxb3 {simplifies} 16. axb3 O-O 17. Nd3 exf4 18. Bxf4 Rc8) 16. Nf5 gxf5 17. exf5 {[%emt 0:00:07] [#]} f3 $1 18. gxf3 Nxb3 19. axb3 Qd5 20. fxe6 Qxe6 21. Qd3 Nd7 22. Bf4 {[%emt 0:02:11] Hoping for Rfe1.} Nc5 23. Qc4 Qxc4 24. bxc4 Ne6 25. Nd3 Rc8 26. b3 O-O 27. Bd6 Rfd8 28. Bb4 Bf8 {[%emt 0:01:43] The position is equal.} 29. Ba5 Re8 30. Rf2 f6 31. Re1 Kf7 32. Rfe2 b5 33. cxb5 axb5 34. Kf2 Bh6 35. Bd2 {[%emt 0:00:02] Against Be3+} Bf8 36. Bb4 Bh6 37. Bd2 {[%emt 0:00:16] Dodges Be3+} Bf8 {[%emt 0:00:07] Weighted Error Value: White=0.06 (flawless) /Black=0.06 (flawless) .  Inaccurate:     	White=1     	Black=2      OK:         	White=13    	Black=14     Best:        	White=1     	Black=1} 1/2-1/2

[Event "ESP-ch Teams Honor 2024"]
[Site "Melilla"]
[Date "2024.10.13"]
[Round "2.20"]
[White "Santos Latasa, Jaime"]
[Black "Ter-Sahakyan, Samvel"]
[Result "1-0"]
[ECO "E32"]
[WhiteElo "2621"]
[BlackElo "2609"]
[Annotator "TA"]
[PlyCount "99"]
[EventDate "2024.10.11"]
[EventType "team-tourn"]
[EventCountry "ESP"]
[SourceTitle "playchess.com"]
[Source "ChessBase"]
[SourceQuality "1"]
[WhiteTeam "Extremadura"]
[BlackTeam "Benalmadena"]
[TimeControl "5400+30"]

1. d4 e6 2. c4 Nf6 3. Nc3 Bb4 4. Qc2 O-O 5. a3 Bxc3+ 6. Qxc3 d5 7. Bg5 h6 8. Bxf6 Qxf6 9. Nf3 c6 {[%emt 0:05:04] The position is equal.} 10. h4 Nd7 11. g4 Qe7 12. g5 h5 13. Bg2 b6 14. cxd5 cxd5 15. Qb4 $36 {[%emt 0:02:45][%mdl 2048] White has good play.} Re8 16. Qxe7 Rxe7 17. Rc1 Ba6 18. Kd2 g6 19. e3 Kf8 20. Rc3 Ke8 21. Bf1 Bxf1 22. Rxf1 e5 23. Rfc1 {[%emt 0:00:54] [#] White threatens Rc8+ and mate.} Rd8 24. Rc7 e4 25. Ng1 {[%emt 0:00:52] White is much more active. The black rooks are passive.} Nf8 26. f3 Rdd7 27. R7c6 Rd8 (27... Ne6 $16 {might work better.}) 28. b4 $18 Nd7 29. a4 Nb8 30. R6c3 Na6 31. Rb1 Nc7 32. b5 Kd7 33. Rbc1 Ne8 34. fxe4 ({White should play} 34. Ne2 $16) 34... Rxe4 $14 35. Nf3 {[%emt 0:00:28] [#] Black must now prevent Ne5+.} Nd6 $1 36. Rc7+ (36. Ne5+ $5 Ke8 37. Rc7 Rxh4 38. R1c6 $11 (38. Rxa7 Rh2+ 39. Kd3 h4 $11)) 36... Ke8 $1 37. Rxa7 {[%emt 0:01:54] Ne5 is the strong threat.} Nc4+ 38. Rxc4 dxc4 $11 {[%emt 0:00:03][%mdl 4096] Endgame. KRR-KRN} 39. Rc7 Ra8 40. Rxc4 Re7 $2 {[%emt 0:00:03][%mdl 8192] A mistake that costs the game.} (40... Kf8 $1 $11 {and Black stays safe.}) 41. Ne5 $18 Rea7 42. Rc6 Rxa4 43. Rxb6 Ra3 44. Nc4 Ra2+ 45. Kd3 Rh2 46. Rb7 Kf8 $2 (46... Rd8 47. Ne5 Rxh4 48. Rxf7 Rh1) 47. b6 {[%emt 0:00:32] White is clearly winning.} Rxh4 48. Ra7 Rb8 49. Ne5 {[%emt 0:00:08] Threatens to win with Nd7+.} Ke8 50. Nd7 {[%emt 0:00:34] Weighted Error Value: White=0.08 (flawless) /Black=0.27 (precise) .  Loses game:     	---       	Black=1      Mistake:       	White=1     	Black=2      Inaccurate:     	White=1     	Black=4      OK:         	White=25    	Black=14     Best:        	White=2     	---        Strong:       	---       	Black=2} ({Stronger than} 50. Rxf7 Rxb6 51. Ra7 Rh1 $11) 1-0

[Event "ESP-ch Teams Honor 2024"]
[Site "Melilla"]
[Date "2024.10.13"]
[Round "2.21"]
[White "Grigoryan, Karen H."]
[Black "Perez Candelario, Manuel"]
[Result "1-0"]
[ECO "B23"]
[WhiteElo "2582"]
[BlackElo "2588"]
[Annotator "TA"]
[PlyCount "99"]
[EventDate "2024.10.11"]
[EventType "team-tourn"]
[EventCountry "ESP"]
[SourceTitle "playchess.com"]
[Source "ChessBase"]
[SourceQuality "1"]
[WhiteTeam "Benalmadena"]
[BlackTeam "Extremadura"]
[TimeControl "5400+30"]

1. e4 c5 2. Nc3 g6 3. h4 h5 4. Bc4 Nc6 5. d3 Bg7 6. Bg5 a6 7. a4 Nf6 8. f3 {[%emt 0:02:38] The position is equal.} d6 9. Nge2 Bd7 10. Qd2 Rb8 11. Kf2 Ne5 12. a5 Bc6 13. Bb3 O-O 14. d4 cxd4 15. Nxd4 b5 16. axb6 Qxb6 17. Be3 Bxe4 18. Kg3 {[%emt 0:18:05] [#]} (18. fxe4 $2 Neg4+ 19. Ke2 (19. Ke1 $2 Nxe3 20. Ra4 Bh6 $19) 19... Nxe3 20. Qxe3 Ng4 $17) (18. Nxe4 $2 Neg4+ 19. Ke2 Nxe4 20. fxe4 Nxe3 21. Qxe3 Bxd4 $19) (18. Ne6 $1 $11 Nfg4+ 19. fxg4 fxe6+ (19... Nxg4+ 20. Ke2 $11) 20. Kg1) 18... Qb7 $2 19. Nxe4 $16 Nxe4+ 20. fxe4 Qxe4 {[%emt 0:02:50] aiming for ...Ng4.} 21. Rae1 (21. Nf3 $16) 21... Qg4+ $1 $11 22. Kf2 (22. Kh2 $5) 22... Rfc8 (22... a5 $1 $11) 23. Rh3 (23. Re2 $14) 23... Bf6 (23... a5 $1 $11 {keeps the balance.} 24. Ra1 (24. Qxa5 Nc4 $15) 24... Qe4 (24... Nc4 25. Bxc4 Rxc4 26. c3 $14)) 24. Nf3 (24. Kg1 $16) 24... a5 25. Qd5 $2 (25. Qxa5 Rxb3 26. cxb3 Rc2+ 27. Bd2 Nd3+ (27... Rxb2 28. Nxe5 Qd4+ 29. Ke2 $16) 28. Kf1 Nxe1 (28... Rxb2 29. Re3 $14) 29. Nxe1 Rxb2 $14) (25. Nxe5 $1 $16 {and life is bright.} Bxe5 26. Ra1 (26. Qxa5 Rxb3 27. cxb3 Rc2+ 28. Bd2 Qd4+ 29. Ke2 Bf4 $11)) 25... e6 $2 (25... a4 $1 $17 26. Nxe5 dxe5 27. Qxf7+ Kh8 28. Bxa4 (28. Rg3 $2 Bxh4 29. Kg1 Qxg3 $19) 28... Rf8) 26. Qxd6 Nc4 27. Bxc4 Qxc4 28. Re2 {[%emt 0:00:56] Threatens to win with b3.} Rxb2 29. Ng5 (29. Ne5 $11 {remains equal.} Qc7 30. Qxc7 Rxc7 31. Bd4 Rbxc2 32. Rxc2 Rxc2+ 33. Kf1) 29... Rxc2 30. Rxc2 Qxc2+ 31. Kg1 Qb1+ ({Black should try} 31... Rd8 $1 $17 32. Qf4 Rd1+ 33. Kh2 Qf5 34. Qxf5 gxf5) 32. Kh2 Qb2 $2 {[%emt 0:01:00][%mdl 8192] [#]} (32... Qb4 $11 {and Black is okay.} 33. Qxb4 axb4) 33. Nxf7 $1 $18 Qb8 {[%emt 0:00:52] [#] Strongly threatening ...Qxd6+.} 34. Bf4 (34. Rg3 $1 $18 Rf8 (34... Kxf7 $2 {loses.} 35. Qd7+ Be7 36. Kh3 $18) 35. Nh6+ (35. Rxg6+ $2 Kxf7 36. Qxb8 Rxb8 $19) 35... Kh8 36. Qxe6) 34... Qxd6 $14 35. Nxd6 Rc6 ({Black should play} 35... Rc3 $1 $14) 36. Ne4 $16 Be7 37. Bg5 Bxg5 38. Nxg5 {[%emt 0:00:13][%mdl 4096] Endgame. Hoping for Ra3. KRN-KR} Ra6 $2 {[%emt 0:00:46] A mistake that costs the game.} (38... Rc4 $16 39. Re3 (39. Nxe6 Kf7 $16) 39... Rxh4+ 40. Kg1 Rd4 41. Rxe6 Kg7) 39. Ra3 $18 Kf8 40. Ne4 Ke7 41. Nc5 Ra8 42. Kg3 Kf6 43. Kf4 e5+ 44. Ke3 Kf5 45. Ne4 Kg4 46. g3 a4 (46... g5 $142) 47. Kf2 {[%emt 0:00:12] Rf3 would kill now.} Kf5 48. Ng5 {[%emt 0:00:27] White threatens Rf3+ and mate.} Ra6 $2 (48... e4 $18 49. Ke2 (49. Ke3 Rb8 $18) 49... Ra5) 49. Rf3+ Kg4 50. Kg2 {[%emt 0:00:05] Weighted Error Value: White=0.36/Black=0.61.  Loses game:     	---       	Black=2      Missed win:     	White=1     	---        Mistake:       	White=6     	Black=9      Inaccurate:     	White=4     	Black=1      OK:         	White=14    	Black=14     Best:        	White=4     	Black=2      Strong:       	---       	Black=1      Brilliant:      	White=1     	---} 1-0

[Event "ESP-ch Teams Honor 2024"]
[Site "Melilla"]
[Date "2024.10.13"]
[Round "2.22"]
[White "Oro, Faustino"]
[Black "Ladron De Guevara Pinto, Paolo"]
[Result "1/2-1/2"]
[ECO "D35"]
[WhiteElo "2434"]
[BlackElo "2388"]
[Annotator "TA"]
[PlyCount "100"]
[EventDate "2024.10.11"]
[EventType "team-tourn"]
[EventCountry "ESP"]
[SourceTitle "playchess.com"]
[Source "ChessBase"]
[SourceQuality "1"]
[WhiteTeam "Extremadura"]
[BlackTeam "Benalmadena"]
[TimeControl "5400+30"]

1. d4 d5 2. c4 e6 3. Nc3 Nf6 4. cxd5 exd5 5. Bg5 Bb4 6. e3 h6 {[%emt 0:00:11][%cal Bh7h6,Bh6h5][%mdl 32] EV=13.88. Goes to h5 (dbg))} 7. Bh4 g5 {[%emt 0:00:17] D35: Damegambiet Geweigerd: Ruilvariant.} 8. Bg3 {[%emt 0:00:04] OK} Ne4 9. Nge2 {[%emt 0:03:15] OK} h5 $1 {[%emt 0:01:37] Sterk. Wit staat iets beter.} 10. h4 {[%emt 0:00:48] Onnauwkeurig} Bg4 {[%emt 0:01:53] Fout (0.6)} (10... Nxg3 $14 11. Nxg3 Bg4) 11. Qb3 $16 {[%emt 0:05:26] Beste (Gemakkelijk)} Nc6 {[%emt 0:05:53] Fout (0.6)} (11... Nxg3 12. Nxg3 Nc6) 12. Bh2 $1 {[%emt 0:29:19] Sterk} Qf6 {[%emt 0:01:19] OK} 13. Bg1 $2 {[%emt 0:01:45] is geforceerd om beter te blijven staan. Fout (2.2)} (13. Qxd5 $2 Bxc3+ (13... Nxf2 14. hxg5 Nd3+ 15. Kd2 $16) (13... Qxf2+ $2 14. Kd1 $19) 14. Kd1 Nxf2+ (14... Bxb2 15. Qxe4+ Kf8 16. Rb1 $14) 15. Kc1 Nxh1 $19) (13. f3 $16 Bxf3 14. O-O-O (14. gxf3 Qxf3 15. O-O-O Qxh1 $17) 14... Bxc3 15. hxg5) 13... Bxe2 $1 $17 {[%emt 0:29:12] Sterk} ({Zwakker is} 13... gxh4 14. f3 $16) 14. Bxe2 O-O-O {[%emt 0:10:36][%cal Rg5h4] OK} 15. O-O-O $146 {[%emt 0:06:12] is een betere verdediging. Fout (0.6)} (15. Bd3 $17) ({Predecessor:} 15. a3 Ba5 16. Bf3 Nxd4 17. exd4 Qxd4 18. Rd1 Qc5 19. Bxe4 dxe4 20. Rh3 g4 21. Re3 Rxd1+ 22. Qxd1 {1-0 Bru Rullo,L (2278)-Torres Rebolledo,V (2124) Roquetas de Mar op 35th 2024 (5)}) 15... Bxc3 $19 {[%emt 0:01:45] Beste (Gemakkelijk)} (15... gxh4 $2 16. Nxe4 (16. Nxd5 Qg5 $16) 16... dxe4 17. d5 $18) (15... Nxf2 $2 {te hebberig.} 16. Rf1 $18 (16. Nxd5 $2 {slaat de verkeerde figuur.} Rxd5 17. Qxd5 Nxh1 $17)) 16. bxc3 g4 $36 {[%emt 0:03:51][%cal Re4f2][%mdl 2048] Zwart heeft controle. OK} (16... Nxf2 $2 17. hxg5 Qf5 18. Rf1 $18 (18. Bxf2 Qxf2 19. Qc2 Qg3 $15)) 17. Qc2 Qe7 {[%emt 0:02:02] ...Rd6 zou dodelijk zijn. OK} (17... Nxf2 $2 18. Bxf2 Kb8 19. Bg3 $18) 18. Kb2 {[%emt 0:04:39] [#]} Rh6 $1 {[%emt 0:00:08] Sterk} 19. Ka1 Na5 {[%emt 0:11:23] ...Rc6 is de sterke dreiging.} 20. Bd3 {[%emt 0:18:00] OK} Rb6 {[%emt 0:08:30] Hoopt vervolgens op ...Qa3.} 21. Rb1 Rxb1+ 22. Qxb1 Nxc3 {[%emt 0:10:49] Onnauwkeurig} 23. Qc2 {[%emt 0:01:28] OK} {Zwart zou moeten spelen} Ne4 {[%emt 0:01:22] Fantastisch paardenconcours. Fout (0.5)} (23... Qa3 {Dreigt te winnen met ...Rd6.} 24. Qb2 Qxb2+ 25. Kxb2 Ne4 26. Bxe4 dxe4) 24. Bh2 $17 {[%emt 0:02:04] Stopt Rd6. OK} Nc6 {[%emt 0:01:18] Fout (0.6)} (24... Qxh4 25. Qxc7#) (24... b6 $17) 25. Rb1 $1 $11 {[%emt 0:00:59] Sterk} g3 $1 {[%emt 0:00:53] Sterk} 26. Bxe4 {[%emt 0:00:12] Onnauwkeurig} Qxe4 27. Qxe4 dxe4 28. Bxg3 $15 {[%emt 0:00:05][%mdl 4096] Eindspel. KRB-KRN. OK} Ne7 {[%emt 0:00:28] Beste (Gemakkelijk)} 29. Bf4 {[%emt 0:02:45] Onnauwkeurig} Nd5 {[%emt 0:00:04] OK} 30. Be5 {[%emt 0:05:42] Afleidend Nxf4} f6 {[%emt 0:00:15] OK} 31. Bh2 Rg8 {[%emt 0:00:13] OK} 32. Rg1 c6 33. Kb2 {[%emt 0:01:06] OK} Rg4 34. g3 {[%emt 0:00:44] was geforceerd. Fout (1.2)} (34. f3 $17 Rg7 (34... Rxh4 $2 {verliest.} 35. Bg3 $18) 35. fxe4 Nxe3 36. g4 Nxg4 (36... Rxg4 37. Rxg4 Nxg4 38. Bg1 $17) 37. Bg3) 34... Kd7 $19 {[%emt 0:00:31] OK} 35. Kc2 {[%emt 0:00:18] OK} Ke6 {[%emt 0:00:08] OK} 36. Kd2 {[%emt 0:00:09] OK} f5 37. Ke2 Rg7 {[%emt 0:01:40] OK} (37... Nc3+ 38. Kd2 Na4 (38... Nxa2 39. Rb1 $11) 39. Kc2 $11) 38. Rc1 {[%emt 0:00:36] Fout (0.8)} (38. a3) 38... Kd7 39. f3 exf3+ 40. Kxf3 Re7 41. Bg1 {[%emt 0:00:15] [#] OK} {Zwart zou moeten proberen} b6 {[%emt 0:00:31] Fout (0.6)} (41... b5 $1 42. Ke2 Kc7) {Wit zou moeten spelen} 42. Bf2 {[%emt 0:00:30] Fout (0.5)} (42. a4) 42... a5 43. Rc2 {[%emt 0:01:08] pakt misschien beter uit. Fout (0.6)} (43. a4 $17) 43... b5 44. Ke2 {[%emt 0:01:23] OK} Kd6 45. Kd2 {[%emt 0:00:26] OK} Nf6 46. Kd3 {[%emt 0:00:34] OK} Ne4 {[%emt 0:00:16] Onnauwkeurig} 47. Be1 {[%emt 0:00:12] Beste} Ra7 {[%emt 0:00:18] OK} 48. Ke2 {[%emt 0:01:26] was hoogst noodzakelijk. Fout (0.5)} (48. Rc1 $17) 48... Nf6 {[%emt 0:00:39] overheersend voordeel. Fout (0.9)} (48... b4 $19 {met als doel voor ...Rc7.} 49. Kf3 Rg7) 49. Kd3 {[%emt 0:00:38][%cal Og3g4] Onnauwkeurig} Ne4 {[%emt 0:00:47] OK} 50. Ke2 {[%emt 0:00:14] OK} Kd5 {Blunder waarde: Wit=0.24 (precies) /Zwart=0.21 (precies) . OK.  Fout:        	Wit=7      	Zwart=6      Onnauwkeurig:    	Wit=4      	Zwart=2      OK:         	Wit=14     	Zwart=13     Beste:        	Wit=2      	Zwart=2      Sterk:        	Wit=2      	Zwart=4} 1/2-1/2

[Event "ESP-ch Teams Honor 2024"]
[Site "Melilla"]
[Date "2024.10.13"]
[Round "2.23"]
[White "Lin, Yingrui"]
[Black "Shuvalova, Polina"]
[Result "0-1"]
[ECO "D02"]
[WhiteElo "2378"]
[BlackElo "2472"]
[Annotator "TA"]
[PlyCount "74"]
[EventDate "2024.10.11"]
[EventType "team-tourn"]
[EventCountry "ESP"]
[SourceTitle "playchess.com"]
[Source "ChessBase"]
[SourceQuality "1"]
[WhiteTeam "Benalmadena"]
[BlackTeam "Extremadura"]
[TimeControl "5400+30"]

1. Nf3 d5 2. d4 Nf6 3. g3 e6 4. Bg2 Be7 5. O-O O-O 6. c4 dxc4 7. Ne5 Nc6 8. Nxc6 bxc6 9. Na3 Bxa3 10. bxa3 Ba6 11. Re1 Rb8 12. e4 {[%emt 0:15:16] Inhibits Nd5.} Qe7 13. Qa4 {[%emt 0:07:13][%csl LRa6,LRc6] The position is equal.} Rb6 14. Qa5 Bb5 15. Qc3 (15. Qxa7 $2 Ra6 16. Qc5 Qxc5 17. dxc5 Nd7 $19) 15... Rd8 {[%emt 0:06:57] [#]} (15... Ra6 $15) 16. a4 $1 $11 Bxa4 17. Ba3 {[%emt 0:03:41] Repels Qb4} Qd7 18. Bc5 Bb5 19. Bxb6 (19. Bf1 $5) 19... axb6 20. Rad1 (20. Qc2 $11) 20... Ra8 (20... Ba4 $17 21. Rd2 b5) 21. Rd2 (21. Rb1 $11) 21... h6 22. h3 Qe7 23. Re3 Qf8 24. g4 Ba6 25. f4 (25. d5 $11 {is more appropriate.}) 25... b5 $15 {[%emt 0:02:06] Strongly threatening ...b4.} 26. a3 c5 27. dxc5 Qxc5 28. Kh2 (28. Qd4 $142 Qxd4 29. Rxd4) 28... Bb7 $17 29. Bf3 Kh7 ({Black should try} 29... Bc6 30. Rg2 g5 31. fxg5 Qxg5 (31... hxg5 32. Rge2 $17)) 30. h4 $2 {[%emt 0:01:14][%mdl 8192] [#] Loses the game.} (30. Rg2 $17) 30... Rxa3 $3 $19 31. Qxa3 b4 32. Qb2 Qxe3 33. Rf2 c3 34. Qe2 Qxe2 35. Bxe2 c2 36. Rf1 b3 {[%emt 0:00:48][%cal Ob3b2] ( -> ...b2!)} 37. e5 {[%emt 0:00:40] [#]} b2 $1 {[%emt 0:00:26] Weighted Error Value: White=0.72/Black=0.11 (very precise) .  Loses game:     	White=1     	---        Mistake:       	White=4     	Black=3      Inaccurate:     	White=1     	Black=2      OK:         	White=4     	Black=3      Best:        	White=2     	Black=4      Brilliant:      	---       	Black=1} 0-1